TOP OF THE 1ST |
BlackIron Dragons batting - Pitching for West Virginia Power : LHP Arnie Green
|
Pitching: LHP Arnie Green
|
|
Batting: RHB Joaquín Valenzuela
|
0-0: Ground out 4-3 (Groundball, 4)
|
Batting: RHB Iván Granados
|
0-0: Ball 1-0: Ball 2-0: Swinging Strike 2-1: Foul Ball, location: 2F 2-2: Foul Ball, location: 2F 2-2: Ball 3-2: Base on Balls
|
Batting: RHB Jimmy King
|
0-0: Ball 1-0: Ball 2-0: Fly out, F9 (Line Drive, 89S)
|
Batting: RHB Ryan Jackson
|
0-0: Ball Iván Granados is caught stealing 2nd base
|
Top of the 1st over - 0 runs, 0 hits, 0 errors, 0 left on base; BlackIron 0 - West Virginia 0 |
BOTTOM OF THE 1ST |
West Virginia Power batting - Pitching for BlackIron Dragons : RHP Silvio Fiermonte
|
Pitching: RHP Silvio Fiermonte
|
|
Batting: RHB Iván Romero
|
0-0: Ball 1-0: Ball 2-0: Fly out, F7 (Line Drive, 7)
|
Batting: LHB Ángel Figueiedo
|
0-0: Ball 1-0: Ball 2-0: Ground out 4-3 (Groundball, 34D)
|
Batting: LHB William Donnelly
|
0-0: SINGLE (Line Drive, 7LM)
|
Batting: RHB Joe Salas
|
0-0: Ball 1-0: Ball 2-0: Called Strike 2-1: Foul Ball, location: 2F 2-2: Foul Ball, location: 2F 2-2: SINGLE (Line Drive, 34D) William Donnelly to second
|
Batting: SHB Patrizio Batistuta
|
0-0: Called Strike 0-1: Ball 1-1: Called Strike 1-2: Ball 2-2: Ball 3-2: SINGLE (Groundball, 34S) (infield hit) William Donnelly to third Joe Salas to second
|
Batting: RHB Millard Walker
|
0-0: SINGLE (Flyball, 78S) William Donnelly scores Joe Salas to third Patrizio Batistuta to second Runner from 3rd tries for Home, SAFE, no throw
|
Batting: LHB Wilson Turner
|
0-0: Called Strike 0-1: Ball 1-1: Called Strike 1-2: Strikes out swinging
|
Bottom of the 1st over - 2 runs, 4 hits, 0 errors, 2 left on base; BlackIron 0 - West Virginia 2 |
TOP OF THE 2ND |
BlackIron Dragons batting - Pitching for West Virginia Power : LHP Arnie Green
|
Batting: RHB Ryan Jackson
|
0-0: Ball 1-0: Ball 2-0: Called Strike 2-1: Ball 3-1: SINGLE (Groundball, 5D)
|
Batting: SHB David Boyle
|
0-0: Foul Ball, location: 2F 0-1: Ball 1-1: Ball 2-1: Fly out, F7 (Flyball, 7S)
|
Batting: LHB José Martínez
|
0-0: Ball 1-0: Called Strike 1-1: 2-RUN HOME RUN (Flyball, 9D), Distance : 369 ft
|
Batting: RHB Millard Long
|
0-0: Called Strike 0-1: Ball 1-1: Ball 2-1: Ball 3-1: Called Strike 3-2: Foul Ball, location: 2F 3-2: Foul Ball, location: 2F 3-2: Base on Balls
|
Batting: RHB Randall Walker
|
0-0: Called Strike 0-1: Ball 1-1: Swinging Strike 1-2: Ground out 5-3 (Groundball, 5S) Millard Long to second
|
Batting: RHB Luis Méndez
|
0-0: Ground out 6-3 (Groundball, 6M)
|
Top of the 2nd over - 2 runs, 2 hits, 0 errors, 1 left on base; BlackIron 2 - West Virginia 2 |
BOTTOM OF THE 2ND |
West Virginia Power batting - Pitching for BlackIron Dragons : RHP Silvio Fiermonte
|
Batting: RHB Matt Tucker
|
0-0: Ball 1-0: Fly out, F7 (Line Drive, 7)
|
Batting: RHB Andrew Pinto
|
0-0: Called Strike 0-1: Ground out 4-3 (Groundball, 4)
|
Batting: RHB Iván Romero
|
0-0: SINGLE (Line Drive, 8RS)
|
Batting: LHB Ángel Figueiedo
|
0-0: Ball 1-0: Swinging Strike 1-1: Ball 2-1: SINGLE (Line Drive, 34) Iván Romero to second Runner from 2nd tries for 3rd, SAFE, no throw
|
Batting: LHB William Donnelly
|
0-0: Ball 1-0: Called Strike 1-1: Ball 2-1: Called Strike 2-2: Foul Ball, location: 2F 2-2: Fly out, F8 (Flyball, 8RM)
|
Bottom of the 2nd over - 0 runs, 2 hits, 0 errors, 2 left on base; BlackIron 2 - West Virginia 2 |
TOP OF THE 3RD |
BlackIron Dragons batting - Pitching for West Virginia Power : LHP Arnie Green
|
Batting: RHB Joaquín Valenzuela
|
0-0: Ball 1-0: Called Strike 1-1: SINGLE (Groundball, 56D)
|
Batting: RHB Iván Granados
|
0-0: Foul Ball, location: 2F 0-1: Called Strike 0-2: Fly out, F8 (Flyball, 8RXD)
|
Batting: RHB Jimmy King
|
0-0: Ball 1-0: Ball Joaquín Valenzuela is caught stealing 2nd base 2-0: Foul Ball, location: 2F 2-1: DOUBLE (Groundball, 5L)
|
Batting: RHB Ryan Jackson
|
0-0: Called Strike 0-1: Ground out U3 (Groundball, 34S)
|
Top of the 3rd over - 0 runs, 2 hits, 0 errors, 1 left on base; BlackIron 2 - West Virginia 2 |
BOTTOM OF THE 3RD |
West Virginia Power batting - Pitching for BlackIron Dragons : RHP Silvio Fiermonte
|
Batting: RHB Joe Salas
|
0-0: Called Strike 0-1: Ball 1-1: Ball 2-1: Reached on error, E5 (Groundball, 5)
|
Batting: SHB Patrizio Batistuta
|
0-0: Grounds into double play, 3-6-3 (Groundball, 3)
|
Batting: RHB Millard Walker
|
0-0: Ball 1-0: Ball 2-0: Ball 3-0: Base on Balls
|
Batting: LHB Wilson Turner
|
0-0: Ball 1-0: Swinging Strike 1-1: Called Strike 1-2: Strikes out swinging
|
Bottom of the 3rd over - 0 runs, 0 hits, 1 error, 1 left on base; BlackIron 2 - West Virginia 2 |
TOP OF THE 4TH |
BlackIron Dragons batting - Pitching for West Virginia Power : LHP Arnie Green
|
Batting: SHB David Boyle
|
0-0: Ball 1-0: Called Strike 1-1: SINGLE (Line Drive, 7S)
|
Batting: LHB José Martínez
|
0-0: Called Strike 0-1: Ball 1-1: Ball David Boyle is caught stealing 2nd base 2-1: Foul Ball, location: 2F 2-2: Fly out, F7 (Flyball, 78M)
|
Batting: RHB Millard Long
|
0-0: Ball 1-0: Foul Ball, location: 2F 1-1: Swinging Strike 1-2: Ground out 4-3 (Groundball, 34D)
|
Top of the 4th over - 0 runs, 1 hit, 0 errors, 0 left on base; BlackIron 2 - West Virginia 2 |
BOTTOM OF THE 4TH |
West Virginia Power batting - Pitching for BlackIron Dragons : RHP Silvio Fiermonte
|
Batting: RHB Matt Tucker
|
0-0: Called Strike 0-1: Called Strike 0-2: Ball 1-2: Foul Ball, location: 2F 1-2: Foul Ball, location: 2F 1-2: Foul Ball, location: 2F 1-2: Ball 2-2: Reached on error, E1 (Groundball, 15S)
|
Batting: RHB Andrew Pinto
|
0-0: Ball 1-0: Called Strike 1-1: Ground out 6-3 (Groundball, 6) Matt Tucker to third
|
Batting: RHB Iván Romero
|
0-0: Fly out, F7 (Flyball, 7S) Runner from 3rd tags up, SCORES, throw made
|
Batting: LHB Ángel Figueiedo
|
0-0: Ground out 4-3 (Groundball, 34)
|
Bottom of the 4th over - 1 run, 0 hits, 1 error, 0 left on base; BlackIron 2 - West Virginia 3 |
TOP OF THE 5TH |
BlackIron Dragons batting - Pitching for West Virginia Power : LHP Arnie Green
|
Batting: RHB Randall Walker
|
0-0: Called Strike 0-1: Ball 1-1: Ball 2-1: Ball 3-1: Base on Balls
|
Batting: RHB Luis Méndez
|
0-0: Ball 1-0: Ball 2-0: Called Strike 2-1: Ball 3-1: Called Strike 3-2: Base on Balls Randall Walker to second
|
Batting: RHB Joaquín Valenzuela
|
0-0: Called Strike 0-1: Fielders Choice at 2nd, 4-6 (Groundball, 4) Randall Walker to third
|
Batting: RHB Iván Granados
|
0-0: Ball 1-0: Called Strike 1-1: Fly out, F9 (Flyball, 9) Runner from 3rd tags up, SCORES, throw made
|
Batting: RHB Jimmy King
|
0-0: Ball Joaquín Valenzuela steals 2nd base 1-0: Ball 2-0: Ball 3-0: Called Strike 3-1: Fly out, F4 (Line Drive, 4)
|
Top of the 5th over - 1 run, 0 hits, 0 errors, 1 left on base; BlackIron 3 - West Virginia 3 |
BOTTOM OF THE 5TH |
West Virginia Power batting - Pitching for BlackIron Dragons : RHP Silvio Fiermonte
|
Batting: LHB William Donnelly
|
0-0: Ball 1-0: Ball 2-0: Swinging Strike 2-1: Swinging Strike 2-2: Foul Ball, location: 2F 2-2: Ball 3-2: Fly out, F9 (Flyball, 9S)
|
Batting: RHB Joe Salas
|
0-0: Ball 1-0: Ball 2-0: Called Strike 2-1: Fly out, F3 (Popup, 3SF)
|
Batting: SHB Patrizio Batistuta
|
0-0: Ball 1-0: Called Strike 1-1: Ball 2-1: Swinging Strike 2-2: Strikes out looking
|
Bottom of the 5th over - 0 runs, 0 hits, 0 errors, 0 left on base; BlackIron 3 - West Virginia 3 |
TOP OF THE 6TH |
BlackIron Dragons batting - Pitching for West Virginia Power : LHP Arnie Green
|
Batting: RHB Ryan Jackson
|
0-0: Foul Ball, location: 2F 0-1: Ball 1-1: Ball 2-1: Swinging Strike 2-2: Fly out, F8 (Flyball, 89D)
|
Batting: SHB David Boyle
|
0-0: Ground out U3 (Groundball, 34)
|
Batting: LHB José Martínez
|
0-0: Called Strike 0-1: Ball 1-1: Called Strike 1-2: Ball 2-2: Ball 3-2: Base on Balls
|
Batting: RHB Millard Long
|
0-0: Called Strike 0-1: Ball 1-1: Foul Ball, location: 2F 1-2: Ball 2-2: Ground out 5-3 (Groundball, 56S)
|
Top of the 6th over - 0 runs, 0 hits, 0 errors, 1 left on base; BlackIron 3 - West Virginia 3 |
BOTTOM OF THE 6TH |
West Virginia Power batting - Pitching for BlackIron Dragons : RHP Silvio Fiermonte
|
Batting: RHB Millard Walker
|
0-0: SINGLE (Line Drive, 8LS)
|
Batting: LHB Wilson Turner
|
0-0: Ball 1-0: Ball 2-0: Ball Wild Pitch! Millard Walker to second 3-0: Called Strike 3-1: Fly out, F7 (Flyball, 7)
|
Batting: RHB Matt Tucker
|
0-0: Intentional Walk
|
Batting: RHB Andrew Pinto
|
0-0: Ball 1-0: Called Strike 1-1: Ball 2-1: Foul Ball, location: 2F 2-2: DOUBLE (Flyball, 8RD) Millard Walker scores Matt Tucker to third
|
Batting: RHB Iván Romero
|
0-0: Ball 1-0: Called Strike 1-1: Swinging Strike 1-2: Foul Ball, location: 2F 1-2: Foul Ball, location: 2F 1-2: Strikes out swinging
|
Batting: LHB Ángel Figueiedo
|
0-0: Ball 1-0: Ground out 4-3 (Groundball, 4)
|
Bottom of the 6th over - 1 run, 2 hits, 0 errors, 2 left on base; BlackIron 3 - West Virginia 4 |
TOP OF THE 7TH |
BlackIron Dragons batting - Pitching for West Virginia Power : LHP Arnie Green
|
Pitching: RHP Millard Ford
|
|
Batting: RHB Randall Walker
|
0-0: Ball 1-0: Called Strike 1-1: Called Strike 1-2: Hit by Pitch
|
Batting: RHB Luis Méndez
|
0-0: Ball 1-0: Swinging Strike 1-1: Called Strike 1-2: Foul Ball, location: 2F 1-2: Foul Ball, location: 2F 1-2: Ball 2-2: Strikes out swinging
|
Pinch Hitting: LHB Jeff Thompson
|
0-0: Grounds into double play, 5-4-3 (Groundball, 56)
|
Top of the 7th over - 0 runs, 0 hits, 0 errors, 0 left on base; BlackIron 3 - West Virginia 4 |
BOTTOM OF THE 7TH |
West Virginia Power batting - Pitching for BlackIron Dragons : RHP Silvio Fiermonte
|
Now at SS: Joe Baker
|
|
Batting: LHB William Donnelly
|
0-0: Ball 1-0: Called Strike 1-1: Ball 2-1: Ball 3-1: Foul Ball, location: 2F 3-2: Base on Balls
|
Pitching: RHP António Molina
|
|
Batting: RHB Joe Salas
|
0-0: Grounds into double play, 6-4-3 (Groundball, 6)
|
Batting: SHB Patrizio Batistuta
|
0-0: Called Strike 0-1: Ball 1-1: Ball 2-1: Swinging Strike 2-2: Strikes out looking
|
Bottom of the 7th over - 0 runs, 0 hits, 0 errors, 0 left on base; BlackIron 3 - West Virginia 4 |
TOP OF THE 8TH |
BlackIron Dragons batting - Pitching for West Virginia Power : RHP Millard Ford
|
Batting: RHB Iván Granados
|
0-0: Called Strike 0-1: Ground out 5-3 (Groundball, 56S)
|
Batting: RHB Jimmy King
|
0-0: Called Strike 0-1: Ball 1-1: Called Strike 1-2: Strikes out swinging
|
Batting: RHB Ryan Jackson
|
0-0: Ball 1-0: SINGLE (Line Drive, 56)
|
Pitching: RHP James Waddell
|
|
Batting: SHB David Boyle
|
0-0: Called Strike 0-1: SINGLE (Flyball, 8LS) Ryan Jackson to second
|
Batting: LHB José Martínez
|
0-0: Ball 1-0: Foul Ball, location: 2F 1-1: Foul Ball, location: 2F 1-2: Ball 2-2: Ball 3-2: Foul Ball, location: 2F 3-2: SINGLE (Line Drive, 4D) Ryan Jackson to third David Boyle to second Ryan Jackson scores David Boyle to third
|
Batting: RHB Millard Long
|
0-0: Called Strike 0-1: Ground out 5-3 (Groundball, 56)
|
Top of the 8th over - 1 run, 3 hits, 0 errors, 2 left on base; BlackIron 4 - West Virginia 4 |
BOTTOM OF THE 8TH |
West Virginia Power batting - Pitching for BlackIron Dragons : RHP António Molina
|
Batting: RHB Millard Walker
|
0-0: Called Strike 0-1: Foul Ball, location: 2F 0-2: Strikes out swinging
|
Batting: LHB Wilson Turner
|
0-0: DOUBLE (Flyball, 78D)
|
Batting: RHB Matt Tucker
|
0-0: Intentional Walk
|
Pinch Hitting: RHB Luis Montoya
|
0-0: Ball Wilson Turner steals 3rd base Matt Tucker to second 1-0: Intentional Walk
|
Batting: RHB Iván Romero
|
0-0: Called Strike 0-1: Fly out, F9 (Flyball, 9S)
|
Batting: LHB Ángel Figueiedo
|
0-0: Ball 1-0: Called Strike 1-1: Swinging Strike 1-2: Ball 2-2: Strikes out swinging
|
Bottom of the 8th over - 0 runs, 1 hit, 0 errors, 3 left on base; BlackIron 4 - West Virginia 4 |
TOP OF THE 9TH |
BlackIron Dragons batting - Pitching for West Virginia Power : RHP James Waddell
|
Pitching: LHP José Leyva
|
|
Now at 2B: Luis Montoya
|
|
Batting: RHB Randall Walker
|
0-0: Called Strike 0-1: Swinging Strike 0-2: Foul Ball, location: 2F 0-2: Ball 1-2: Ball 2-2: Strikes out swinging
|
Pinch Hitting: RHB Jesús Castillo
|
0-0: Called Strike 0-1: Ball 1-1: Foul Ball, location: 2F 1-2: Ball 2-2: Foul Ball, location: 2F 2-2: DOUBLE (Line Drive, 78XD)
|
Pinch Runner at 2nd Roderick Silva:
|
|
Batting: LHB Joe Baker
|
0-0: Called Strike 0-1: Ball 1-1: Fly out, F4 (Line Drive, 4) Lined into DP, 4-6 (Line Drive, 4)
|
Top of the 9th over - 0 runs, 1 hit, 0 errors, 0 left on base; BlackIron 4 - West Virginia 4 |
BOTTOM OF THE 9TH |
West Virginia Power batting - Pitching for BlackIron Dragons : RHP António Molina
|
Now at C: Júlio Rodríguez
|
|
Batting: LHB William Donnelly
|
0-0: Called Strike 0-1: Foul Ball, location: 2F 0-2: Ball 1-2: Foul Ball, location: 2F 1-2: Foul Ball, location: 2F 1-2: Ball 2-2: Foul Ball, location: 2F 2-2: Foul Ball, location: 2F 2-2: SINGLE (Groundball, 4MD)
|
Pinch Runner at 1st Nick Mackin:
|
|
Batting: RHB Joe Salas
|
0-0: Ball 1-0: Ball 2-0: Called Strike 2-1: SINGLE (Flyball, 9LM) Nick Mackin to second Runner from 2nd tries for 3rd, SAFE, no throw
|
Batting: SHB Patrizio Batistuta
|
0-0: Ball 1-0: Fly out, F8 (Flyball, 8RM) Runner from 3rd tags up, SCORES, throw made
|
Saturday, April 7th, 2018 - OOTP Baseball 18.8 Build 76
|
|